 Dungeon Crawl Stone Soup version 0.22.0-75-g3901e7991e (webtiles) character file.

816 JedernureinKreuz the Conjurer (level 7, -9/51 HPs)
             Began as a Gnoll Conjurer on Sept 11, 2018.
             Was an Initiate of Sif Muna.
             Mangled by an ogre
             ... wielding a +0 giant club
              (29 damage)
             ... on level 5 of the Dungeon.
             The game lasted 00:17:25 (4256 turns).

JedernureinKreuz the Conjurer (Gnoll Conjurer)      Turns: 4256, Time: 00:17:26

Health: -9/51      AC:  5    Str: 10    XL:     7   Next: 94%
Magic:  11/15      EV: 12    Int: 20    God:    Sif Muna [......]
Gold:   54         SH:  8    Dex: 15    Spells: 9/17 levels left

rFire    . . .     SeeInvis .   x - +2 flail (crush)
rCold    . . .     Gourm    .   i - +0 shield
rNeg     . . .     Faith    .   o - +1 leather armour
rPois    .         Spirit   .   (no helmet)
rElec    .         Reflect  .   z - +0 cloak
rCorr    .         Harm     .   (no gloves)
MR       .....                  (no boots)
Stlth    +++.......             (no amulet)
HPRegen  0.17/turn              (no ring)
MPRegen  0.14/turn              (no ring)

@: no status effects
A: distributed training, fangs 1, strong nose
a: Renounce Religion


You were on level 5 of the Dungeon.
You worshipped Sif Muna.
Sif Muna was noncommittal.
You were not hungry.

You visited 1 branch of the dungeon, and saw 5 of its levels.

You collected 223 gold pieces.
You spent 169 gold pieces at shops.

Inventory:

Hand Weapons
 b - a +0 dagger
 g - a +1 short sword
 s - a +3 scimitar
 x - a +2 flail of crushing (weapon)
 B - a cursed -1 dagger
 E - a +0 shortbow
Missiles
 h - 47 arrows
 m - 131 stones (quivered)
 r - 40 bolts
Armour
 a - a +0 robe
 i - a +0 shield (worn)
 o - a +1 leather armour (worn)
 z - a +0 cloak (worn)
Jewellery
 u - a +3 ring of dexterity {unknown}
Wands
 q - a wand of random effects (29)
Scrolls
 e - 3 scrolls of identify
 f - a scroll of amnesia
 w - a scroll of enchant armour
 C - a scroll of immolation {unknown}
Potions
 d - a potion of resistance
 j - 2 potions of flight {unknown}
 k - a potion of mutation {unknown}
 l - a potion of ambrosia
 n - 2 potions of curing {unknown}
 p - a potion of haste {unknown}
 t - 2 potions of brilliance {unknown}
 v - 3 potions of agility {unknown}
 A - a potion of berserk rage {unknown}
 D - a potion of heal wounds {unknown}
Comestibles
 c - 5 rations
 F - a chunk of flesh


   Skills:
 + Level 2.7 Fighting
 + Level 2.7 Short Blades
 + Level 2.7 Long Blades
 + Level 2.7 Axes
 + Level 2.7 Maces & Flails
 + Level 2.7 Polearms
 + Level 2.7 Staves
 + Level 2.7 Slings
 + Level 2.7 Bows
 + Level 2.7 Crossbows
 + Level 2.7 Throwing
 + Level 2.7 Armour
 + Level 5.4 Dodging
 + Level 5.0 Stealth
 + Level 2.7 Shields
 + Level 2.7 Unarmed Combat
 + Level 5.7 Spellcasting
 + Level 7.5 Conjurations
 + Level 2.2 Hexes
 + Level 2.2 Charms
 + Level 2.2 Summonings
 + Level 2.2 Necromancy
 + Level 2.2 Translocations
 + Level 2.2 Transmutations
 + Level 2.2 Fire Magic
 + Level 2.2 Ice Magic
 + Level 2.2 Air Magic
 + Level 2.2 Earth Magic
 + Level 2.2 Poison Magic
 + Level 3.0 Invocations
 + Level 2.7 Evocations


You had 9 spell levels left.
You knew the following spells:

 Your Spells              Type           Power        Failure   Level  Hunger
a - Magic Dart            Conj           ####         3%          1    None
b - Iskenderun's Mystic   Conj           #####...     32%         4    ####...
c - Dazzling Spray        Conj/Hex       ####..       28%         3    ##.....

Your spell library contained the following spells:

 Spells                   Type           Power        Failure   Level  Hunger
 Searing Ray              Conj           #####.       4%          2    None
 Animate Skeleton         Necr           N/A          28%         1    None
 Apportation              Tloc           ##....       28%         1    None
 Confusing Touch          Hex            ##....       28%         1    None
 Summon Small Mammal      Summ           ##..         28%         1    None
 Force Lance              Conj/Tloc      ####....     67%         4    ####...
 Fulminant Prism          Conj/Hex       ####......   67%         4    ####...


Dungeon Overview and Level Annotations

Branches:
Dungeon (5/15)
 Temple: D:4-7

Altars:
Ashenzari
Elyvilon
Fedhas
Makhleb
Qazlal
Sif Muna
Uskayaw

Shops:
D:4 (   D:5 %

Annotations:
D:4 Blork the orc


Innate Abilities, Weirdness & Mutations

Your experience applies equally to all skills.
You have very sharp teeth.
Your uncanny sense of smell can sniff out nearby items.


Message History

The ogre is moderately wounded.
The ogre hits you with a giant club!
Casting: Magic Dart (safe; 3% risk of failure)
Confirm with . or Enter, or press ? or * to list all spells.
Aiming: Magic Dart (safe; 3% risk of failure)
Press: ? - help, Shift-Dir - straight line, f/p - ogre
Aim: an ogre, wielding a giant club (moderately wounded)
The magic dart hits the ogre.
The ogre is moderately wounded.
The ogre hits you with a giant club!
Casting: Magic Dart (safe; 3% risk of failure)
Confirm with . or Enter, or press ? or * to list all spells.
Aiming: Magic Dart (safe; 3% risk of failure)
Press: ? - help, Shift-Dir - straight line, f/p - ogre
Aim: an ogre, wielding a giant club (moderately wounded)
The magic dart hits the ogre.
The ogre is heavily wounded.
The ogre hits you with a giant club!!
Ouch! That really hurt!
You die...

############
#..<.......#
#..........#
#..........#
#.........#
#...O.....#
#...@.....#
#.........+
######.........+
........######.+
.....$..).# #
........#.#
###.#####o.. #o.
..... ... ....##


You could see an ogre and an orc.

Vanquished Creatures
  Sigmund (D:4)
  Menkaure (D:4)
  A wight (D:4)
  A howler monkey (D:3)
  2 hounds (D:4)
  A jelly (D:5)
  An orc priest (D:3)
  2 orc wizards (D:4)
  2 centaur skeletons (D:4)
  2 worker ants (D:4)
  A hound skeleton (D:3)
  6 adders
  2 oozes
  4 worms
  2 dart slugs (D:1)
  2 leopard geckos
  11 orcs
  2 ball pythons (D:2)
  6 giant cockroaches
  5 hobgoblins
  2 jackals (D:2)
  2 quokkas
  5 bats
  3 frilled lizards (D:1)
  6 goblins
  5 kobolds
  22 rats
100 creatures vanquished.

Notes
Turn   | Place    | Note
-------+----------+-------------------------------------------
     0 | D:1      | JedernureinKreuz the Gnoll Conjurer began the quest for the
                  | Orb.
     0 | D:1      | Reached XP level 1. HP: 13/13 MP: 6/6
   199 | D:1      | Reached XP level 2. HP: 19/19 MP: 2/7
   724 | D:1      | Reached XP level 3. HP: 25/25 MP: 5/9
   844 | D:1      | Reached skill level 5 in Spellcasting
  1091 | D:2      | Found a deep blue altar of Sif Muna.
  1094 | D:2      | Became a worshipper of Sif Muna the Loreminder
  1117 | D:2      | Found a burning altar of Makhleb.
  1148 | D:2      | Reached skill level 1 in Invocations
  1328 | D:2      | Reached skill level 1 in Fighting
  1328 | D:2      | Reached skill level 1 in Short Blades
  1328 | D:2      | Reached skill level 1 in Long Blades
  1328 | D:2      | Reached skill level 1 in Axes
  1328 | D:2      | Reached skill level 1 in Maces & Flails
  1328 | D:2      | Reached skill level 1 in Polearms
  1328 | D:2      | Reached skill level 1 in Staves
  1328 | D:2      | Reached skill level 1 in Slings
  1328 | D:2      | Reached skill level 1 in Bows
  1328 | D:2      | Reached skill level 1 in Crossbows
  1328 | D:2      | Reached skill level 1 in Throwing
  1328 | D:2      | Reached skill level 1 in Armour
  1328 | D:2      | Reached skill level 1 in Shields
  1328 | D:2      | Reached skill level 1 in Unarmed Combat
  1328 | D:2      | Reached skill level 1 in Evocations
  1328 | D:2      | Reached XP level 4. HP: 32/32 MP: 6/11
  1353 | D:2      | Found a shattered altar of Ashenzari.
  1857 | D:3      | Learned a level 4 spell: Iskenderun's Mystic Blast
  1861 | D:3      | Learned a level 3 spell: Dazzling Spray
  1883 | D:3      | Reached skill level 1 in Hexes
  1883 | D:3      | Reached skill level 1 in Charms
  1883 | D:3      | Reached skill level 1 in Summonings
  1883 | D:3      | Reached skill level 1 in Necromancy
  1883 | D:3      | Reached skill level 1 in Translocations
  1883 | D:3      | Reached skill level 1 in Transmutations
  1883 | D:3      | Reached skill level 1 in Fire Magic
  1883 | D:3      | Reached skill level 1 in Ice Magic
  1883 | D:3      | Reached skill level 1 in Air Magic
  1883 | D:3      | Reached skill level 1 in Earth Magic
  1883 | D:3      | Reached skill level 1 in Poison Magic
  2100 | D:3      | Reached XP level 5. HP: 37/37 MP: 3/12
  2350 | D:3      | Found a white marble altar of Elyvilon.
  2649 | D:4      | Noticed Sigmund
  2753 | D:4      | HP: 1/37 [something (7)]
  2755 | D:4      | Killed Sigmund
  2755 | D:4      | Reached skill level 5 in Dodging
  2755 | D:4      | Reached XP level 6. HP: 2/44 MP: 5/14
  3098 | D:4      | Found Fuokin's Antique Weapon Shoppe.
  3119 | D:4      | Bought a glowing flail for 169 gold pieces
  3175 | D:4      | Reached XP level 7. HP: 48/50 MP: 9/15
  3183 | D:4      | Noticed Blork the orc
  3189 | D:4      | Noticed Menkaure
  3447 | D:3      | Upgraded the game from 0.22.0-60-ga52c2fcf6e to
                  | 0.22.0-75-g3901e7991e
  3586 | D:4      | Found a hide-covered altar of Uskayaw.
  3703 | D:4      | Found a blossoming altar of Fedhas.
  3729 | D:4      | Killed Menkaure
  3729 | D:4      | Reached skill level 5 in Stealth
  3732 | D:4      | Found a stormy altar of Qazlal.
  3986 | D:5      | Entered Level 5 of the Dungeon
  4002 | D:5      | Found Sovijarch's Food Boutique.
  4256 | D:5      | Mangled by an ogre

Skill      XL: |  1  2  3  4  5  6  7 |
---------------+----------------------+-----
Spellcasting   | 5 |  5.7
Invocations    | 1 2 3 |  3.0
Fighting       | 1 2 |  2.7
Short Blades   | 1 2 |  2.7
Long Blades    | 1 2 |  2.7
Axes           | 1 2 |  2.7
Maces & Flails | 1 2 |  2.7
Polearms       | 1 2 |  2.7
Staves         | 1 2 |  2.7
Slings         | 1 2 |  2.7
Bows           | 1 2 |  2.7
Crossbows      | 1 2 |  2.7
Throwing       | 1 2 |  2.7
Armour         | 1 2 |  2.7
Shields        | 1 2 |  2.7
Unarmed Combat | 1 2 |  2.7
Evocations     | 1 2 |  2.7
Hexes          | 1 2 |  2.2
Charms         | 1 2 |  2.2
Summonings     | 1 2 |  2.2
Necromancy     | 1 2 |  2.2
Translocations | 1 2 |  2.2
Transmutations | 1 2 |  2.2
Fire Magic     | 1 2 |  2.2
Ice Magic      | 1 2 |  2.2
Air Magic      | 1 2 |  2.2
Earth Magic    | 1 2 |  2.2
Poison Magic   | 1 2 |  2.2
Dodging        | 5 |  5.4
Stealth        | 5 |  5.0
Conjurations   | |  7.5

Action                   |  1- 3 |  4- 6 |  7- 9 || total
-------------------------+-------+-------+-------++-------
Melee: Short sword       |     7 |    54 |       ||    61
       Bite              |       |     5 |     2 ||     7
       Flail             |       |     1 |    29 ||    30
 Cast: Magic Dart        |    62 |    90 |    53 ||   205
       Iskenderun's Myst |       |     2 |       ||     2
  Use: Scroll            |       |     8 |     2 ||    10
 Stab: Sleeping          |     1 |       |       ||     1
  Eat: Chunk             |     1 |     4 |     2 ||     7
       Ration            |       |     1 |       ||     1
Armor: Robe              |     2 |       |       ||     2
       Leather armour    |     1 |     9 |     9 ||    19
Dodge: Dodged            |    14 |    32 |    39 ||    85
Block: Shield            |       |    18 |    23 ||    41
